 Dungeon Crawl Stone Soup version 0.27.0-1-g7a089689b8 (webtiles) character file.

Game seed: 14311318896899914594

40 Brandom the Skirmisher (level 3, -1/33 HPs)
             Began as a Hill Orc Abyssal Knight on Aug 11, 2021.
             Was a Follower of Lugonu.
             Succumbed to an adder's poison
             ... on level 2 of the Dungeon.
             The game lasted 00:03:39 (1836 turns).

Brandom the Skirmisher (Hill Orc Abyssal Knight)    Turns: 1836, Time: 00:03:39

Health: -1/33      AC:  3    Str: 15    XL:     3   Next: 50%
Magic:  5/5        EV: 11    Int: 12    God:    Lugonu [*.....]
Gold:   40         SH:  0    Dex: 10    Spells: 2/2 levels left

rFire    + . .     SeeInvis .   a - +1 hand axe
rCold    + . .     Faith    .   (no shield)
rNeg     . . .     Spirit   .   b - +0 leather armour
rPois    +         Reflect  .   (no helmet)
rElec    +         Harm     .   (no cloak)
rCorr    +         Rampage  .   (no gloves)
Will     .....                  (no boots)
Stlth    +.........             e - amulet of magic regeneration
HPRegen  0.11/turn              (no ring)
MPRegen  0.34/turn              (no ring)

@: lethally poisoned (-1 -> -11), resistant
A: no striking features
a: Renounce Religion, Depart the Abyss


You were on level 2 of the Dungeon.
You worshipped Lugonu.
Lugonu was aware of your devotion.
You visited 1 branch of the dungeon, and saw 2 of its levels.
You visited the Abyss 1 time.

You collected 40 gold pieces.

Inventory:

Hand Weapons
 a - a +1 hand axe (weapon)
Armour
 b - a +0 leather armour (worn)
Jewellery
 e - an amulet of magic regeneration (around neck)
   (You found it on level 1 of the Dungeon)
 i - a +6 ring of intelligence
   (You found it on level 1 of the Dungeon)
Scrolls
 c - a scroll of teleportation {unknown}
 f - a scroll of fog {unknown}
 g - a scroll of vulnerability {unknown}
 h - a scroll of enchant weapon {unknown}


   Skills:
 + Level 3.9 Fighting
 * Level 3.6 Axes
 + Level 2.6 Armour
 + Level 1.2 Dodging
 + Level 2.9 Invocations


You had 2 spell levels left.
You didn't know any spells.
Your spell library was empty.

Dungeon Overview and Level Annotations

Branches:
Dungeon (2/15)

Altars:

Shops:
D:1 :


Message History

You climb downwards.
There is a stone staircase leading up here.
Found 8 gold pieces.
You now have 40 gold pieces (gained 8).
An adder comes into view.
An adder is nearby!
The adder hisses angrily.
A ball python comes into view.
The ball python hisses angrily.
The adder bites you.
You are poisoned.
The adder poisons you!
You closely miss the adder.
You feel sick. The adder bites you.
You are more poisoned.
The adder poisons you!
You barely miss the adder.
You feel very sick. The adder barely misses you. x2
You barely miss the adder. You hit the ball python.
You feel sick. The ball python bites you. The ball python grabs you.
The ball python constricts you. The adder barely misses you.
You hit the ball python. You closely miss the adder.
You feel sick.
The ball python bites you but does no damage.
The ball python constricts you. The adder bites you but does no damage.
The ball python bites you but does no damage.
The ball python constricts you. The adder bites you.
* * * LOW HITPOINT WARNING * * *
You escape the ball python's grasp.
You feel sick. The ball python bites you.
* * * LOW HITPOINT WARNING * * *
The ball python closely misses you.
You closely miss the adder. You hit the ball python.
You kill the ball python!
Lugonu accepts your kill.
You feel sick. The adder bites you but does no damage.
Unknown command.
You hit the adder.
You feel sick. The adder barely misses you. x2
You hit the adder.
You feel sick. The adder bites you.
* * * LOW HITPOINT WARNING * * *
You miss the adder.
You feel sick.
You are no longer poisoned.
The adder bites you.
* * * LOW HITPOINT WARNING * * *
You are lethally poisoned!
The adder poisons you! The adder bites you.
* * * LOW HITPOINT WARNING * * *
You are more poisoned.
The adder poisons you!
It was a potion of resistance.
You feel protected.
You die...

##.# #... #..# #..#
#..# ##########..#
..
..........#..###....
..........#.S†......
..........##@#######
..........##.#
..........##.#
..........##.#
.............# .#
.............# ..#
########.....# #..#
#.....# #..#####.
#.....#+#........


You could see an adder.

Vanquished Creatures
  A gnoll (D:1)
  4 ball pythons
  2 bats (D:1)
  An endoplasm (D:1)
  A goblin (D:1)
  6 hobgoblins (D:1)
  2 jackals (D:1)
  4 kobolds (D:1)
  A quokka (D:1)
  2 frilled lizards (D:1)
  2 rats (D:1)
26 creatures vanquished.

Notes
Turn   | Place    | Note
-------+----------+-------------------------------------------
     0 | Abyss:1  | Brandom the Hill Orc Abyssal Knight began the quest for the
                  | Orb.
     0 | Abyss:1  | Reached XP level 1. HP: 19/19 MP: 2/2
    38 | Abyss:1  | Noticed a flying skull
    80 | Abyss:1  | Noticed a thrashing horror
   115 | Abyss:1  | Noticed a large abomination
   139 | Abyss:1  | Noticed a ynoxinul
   144 | D:1      | Escaped the Abyss
   449 | D:1      | Found Niqaoh's Book Shoppe.
   553 | D:1      | Reached XP level 2. HP: 19/27 MP: 3/3
   701 | D:1      | Reached skill level 1 in Dodging
   939 | D:1      | Reached XP level 3. HP: 24/33 MP: 5/5
  1108 | D:1      | Reached * piety under Lugonu
  1836 | D:2      | Succumbed to an adder's poison

Illustrated notes

Levels and vault maps discovered:
D:1:      scummos_arrival_forest, layout_loops_corners, serial_shops, shop
D:2:      layout_basic, st_stairs_5

Skill      XL: |  1  2 |
---------------+-------+-----
Axes           | 3 |  3.6
Dodging        | 1 |  1.2
Fighting       | |  3.9
Armour         | |  2.6
Invocations    | |  2.9

Action                   || total
-------------------------++-------
Melee: Hand axe          ||    94
Invok: Depart the Abyss  ||     1
  Use: Potion            ||     1
Armor: Leather armour    ||    25
Dodge: Dodged            ||    70
